 Dungeon Sprint DCSS version 0.27-a0-1193-g8631133539 (webtiles) character file.

Game seed: 13760986853930203912

621 rocky1 the Blocker (level 7, -1/60 HPs)
             Began as a Formicid Fighter on May 26, 2021.
             Was the Champion of Cheibriados.
             Slain by a vampire knight
             ... wielding a +0 battleaxe
              (33 damage)
             ... in the Dungeon (Sprint VII: "The Pits").
             The game lasted 00:03:11 (394 turns).

rocky1 the Blocker (Formicid Fighter)                Turns: 394, Time: 00:03:12

Health: -1/60      AC:  9    Str: 37    XL:     7   Next: 75%
Magic:  12/12      EV: 16    Int: 22    God:    Cheibriados [******]
Gold:   0          SH: 14    Dex: 26    Spells: 6/6 levels left

rFire    . . .     SeeInvis +   d - +2 hand axe (vorpal)
rCold    . . .     Faith    .   c - +0 kite shield
rNeg     . . .     Spirit   .   a - +3 ring mail
rPois    .         Reflect  .   (helmet unavailable)
rElec    .         Harm     .   (no cloak)
rCorr    .         Rampage  .   (no gloves)
Will     .....                  (no boots)
Stlth    +.........             (no amulet)
HPRegen  0.20/turn              (no ring)
MPRegen  0.13/turn              (no ring)

@: very slow
A: permanent stasis, dig shafts and tunnels, antennae 3, four strong arms
a: Dig, Renounce Religion, Bend Time, Temporal Distortion, Slouch, Step From
Time


You were in the Dungeon.
You worshipped Cheibriados.
Cheibriados was exalted by your worship.
You visited 1 branch

Inventory:

Hand Weapons
 d - a +2 vorpal hand axe (weapon)
Armour
 a - a +3 ring mail (worn)
 c - a +0 kite shield (worn)
Scrolls
 i - 5 scrolls of amnesia
 j - a scroll of summoning
Potions
 e - 6 potions of curing
 f - 6 potions of heal wounds
 g - 4 potions of magic
 h - 2 potions of invisibility


   Skills:
 + Level 7.6 Fighting
 + Level 6.7 Axes
 + Level 7.7 Armour
 + Level 5.8 Dodging
 + Level 8.6 Shields
 + Level 7.4 Invocations


You had 6 spell levels left.
You didn't know any spells.
Your spell library was empty.

Dungeon Overview and Level Annotations

Branches:
Dungeon (1/1)

Altars:
Ashenzari
Cheibriados
Dithmenos
Elyvilon
Fedhas
Gozag
Hepliaklqana
Kikubaaqudgha
Makhleb
Nemelex Xobeh
Okawaru
Qazlal
Ru
Sif Muna
Trog
Uskayaw
Vehumet
Wu Jian
Xom
Yredelemnul
Zin
The Shining One
Beogh
Jiyva
Lugonu


Innate Abilities, Weirdness & Mutations

You cannot be hasted, slowed, berserked, paralysed or teleported.
You can dig through walls and to a lower floor.
You have a pair of large antennae on your head. (SInv)
Your four strong arms can wield two-handed weapons with a shield.


Message History

Items here: ))) [[ ††.
Okay, then.
Items here: ))) [[ ††.
There is an open door, spattered with blood here.
Items here: ) [[ ††.
Things that are here:
a +0 dagger of protection; a kobold corpse
Items here: ) [[ ††.
There is an open door, spattered with blood here.
Items here: ))) [[ ††.
Things that are here:
a +0 short sword; a +0 ring mail; an orc corpse You see here a +0 spear.
You start resting.
HP restored.
You open the door.
An iron imp comes into view.
The iron imp shouts!
You slash the iron imp!
The iron imp is almost dead.
You hit the iron imp.
You kill the iron imp!
Cheibriados appreciates the change of pace.
There is an open door here.
You open the door.
A vampire knight comes into view. It is wielding a +0 battleaxe.
You hit the vampire knight but do no damage.
The vampire knight hits you with a +0 battleaxe!!
You block the vampire knight's attack.
Unknown command.
You barely miss the vampire knight.
The vampire knight hits you with a +0 battleaxe!
The vampire knight bites you but does no damage.
Unknown command.
Okay, then.
You hit the vampire knight.
The vampire knight is lightly damaged.
The vampire knight hits you with a +0 battleaxe!!
Ouch! That really hurt!
You die...

#)#........##.......#
#'###########.......#
{ #)).....#{{
######### {
#))###..#{ {
#)......#{ {
##.###.##+#
#.......#.+ {
#..###..#V#
#.......'@# {
###########


You could see a vampire knight.

Vanquished Creatures
  A warg (D)
  A floating eye (D)
  An orc warrior (D)
  A gnoll sergeant (D)
  2 orc priests (D)
  2 iron imps (D)
  3 orc wizards (D)
  4 gnolls (D)
  A worm (D)
  5 orcs (D)
  A ball python (D)
  4 jackals (D)
  A quokka (D)
  A kobold (D)
  2 rats (D)
30 creatures vanquished.

Notes
Turn   | Place    | Note
-------+----------+-------------------------------------------
     0 | D        | rocky1 the Formicid Fighter began the quest for the Orb.
     0 | D        | Reached XP level 1. HP: 18/18 MP: 1/1
    27 | D        | Found a bloodstained altar of Trog.
    27 | D        | Found a shimmering blue altar of Sif Muna.
    27 | D        | Found a viscous altar of Jiyva.
    27 | D        | Found a hazy altar of Hepliaklqana.
    27 | D        | Found an opulent altar of Gozag.
    28 | D        | Found a glowing golden altar of the Shining One.
    28 | D        | Found a glowing silver altar of Zin.
    28 | D        | Found a basalt altar of Yredelemnul.
    28 | D        | Found a shimmering altar of Xom.
    28 | D        | Found an ornate altar of the Wu Jian Council.
    28 | D        | Found a sacrificial altar of Ru.
    28 | D        | Found a stormy altar of Qazlal.
    28 | D        | Found an iron altar of Okawaru.
    28 | D        | Found a sparkling altar of Nemelex Xobeh.
    28 | D        | Found a burning altar of Makhleb.
    28 | D        | Found a blossoming altar of Fedhas.
    28 | D        | Found a white marble altar of Elyvilon.
    28 | D        | Found a shadowy altar of Dithmenos.
    28 | D        | Found a snail-covered altar of Cheibriados.
    32 | D        | Found a corrupted altar of Lugonu.
    32 | D        | Found a radiant altar of Vehumet.
    33 | D        | Found a broken altar of Ashenzari.
    33 | D        | Found an ancient bone altar of Kikubaaqudgha.
    33 | D        | Found a hide-covered altar of Uskayaw.
    39 | D        | Became a worshipper of Cheibriados the Contemplative
    83 | D        | Reached * piety under Cheibriados
    85 | D        | Reached skill level 1 in Dodging
    85 | D        | Reached skill level 4 in Shields
    85 | D        | Reached skill level 1 in Invocations
    85 | D        | Reached ** piety under Cheibriados
    86 | D        | Reached XP level 2. HP: 25/25 MP: 2/2
   101 | D        | Noticed a floating eye
   104 | D        | Killed a floating eye
   104 | D        | Reached *** piety under Cheibriados
   105 | D        | Reached skill level 5 in Fighting
   105 | D        | Reached skill level 5 in Armour
   105 | D        | Reached skill level 5 in Shields
   105 | D        | Reached XP level 3. HP: 33/33 MP: 3/6
   105 | D        | Reached XP level 4. HP: 39/39 MP: 3/7
   105 | D        | Reached XP level 5. HP: 44/44 MP: 3/8
   155 | D        | Reached **** piety under Cheibriados
   157 | D        | Reached skill level 6 in Shields
   158 | D        | Noticed an orc warrior
   166 | D        | Killed an orc warrior
   166 | D        | Reached ***** piety under Cheibriados
   167 | D        | Reached skill level 5 in Axes
   167 | D        | Reached skill level 5 in Invocations
   167 | D        | Reached XP level 6. HP: 45/52 MP: 8/10
   168 | D        | Reached skill level 7 in Shields
   248 | D        | Reached ****** piety under Cheibriados
   251 | D        | Reached skill level 5 in Dodging
   251 | D        | Reached skill level 8 in Shields
   251 | D        | Reached XP level 7. HP: 35/60 MP: 0/12
   253 | D        | Noticed a warg
   348 | D        | Killed a warg
   391 | D        | Noticed a vampire knight
   394 | D        | Slain by a vampire knight

Illustrated notes

Levels and vault maps discovered:
D:        pitsprint [storerooms_1, entrance_room_1, metal_vault_5, armoury_1,
          mini_pit_1, grid_room_1, main_hall_1, silver_pit, the_coven_3,
          the_vestibule_1, steel_vault_1, golden_pit, hallway_of_sentries,
          crystal_vault_2, iron_vault_4, final_vault]

Skill      XL: |  1  2  3  4  5  6  7 |
---------------+----------------------+-----
Dodging        | 1 3 4 5 |  5.8
Shields        | 4 5 6 8 |  8.6
Invocations    | 1 4 5 6 7 |  7.4
Fighting       | 5 6 7 |  7.6
Axes           | 4 5 6 |  6.7
Armour         | 5 6 7 |  7.7

Action                   |  1- 3 |  4- 6 |  7- 9 || total
-------------------------+-------+-------+-------++-------
Melee: War axe           |    11 |    11 |       ||    22
       Hand axe          |       |    11 |    14 ||    25
Invok: Slouch            |       |     2 |       ||     2
  Use: Potion            |       |     1 |       ||     1
Armor: Scale mail        |     7 |       |       ||     7
       Ring mail         |       |     2 |     2 ||     4
Dodge: Dodged            |     4 |    18 |     6 ||    28
Block: Kite shield       |     4 |    15 |     5 ||    24

Table legend: (Time is in decaauts)
 A = Elapsed time spent in this place.
 B = Non-inter-level travel time spent in this place.
 C = Inter-level travel time spent in this place.
 D = Time resting spent in this place.
 E = Time spent auto-exploring this place.
 F = Levels seen in this place.
 G = Mean time per level.
                   A        B        C        D        E       F      G
               +--------+--------+--------+--------+--------+-----+--------+
         Total |    500 |    463 |     37 |    140 |      0 |   1 |  500.0 |
       Dungeon |    500 |    463 |     37 |    140 |      0 |   1 |  500.0 |
               +--------+--------+--------+--------+--------+-----+--------+

Top non-repeatable levels by time:
       D: 500 daAuts
